 Dungeon Crawl Stone Soup version 0.15-a0-1154-gddcb950 (webtiles) character file.

1806394 E1999 the Wrestler (level 27, 290/290 (297) HPs)
             Began as a Troll Monk on May 29, 2014.
             Was the Champion of Qazlal.
             Escaped with the Orb
             ... and 3 runes on May 30, 2014!
             The game lasted 05:38:22 (63974 turns).

E1999 the Wrestler (Troll Monk)                    Turns: 63974, Time: 05:38:23

HP 290/290 (297) AC 27     Str 32      XL: 27
MP  32/32        EV 30     Int 16      God: Qazlal [******]
Gold 7513        SH 44     Dex 20      Spells:  9 memorised,  6 levels left

rFire  + + +     SeeInvis +       - Unarmed
rCold  + + .     Clarity  .     N - +8 fire dragon armour
rNeg   . . .     rCorr    +     T - +2 shield of the Carpenter {+Inv Dam+4 SInv}
rPois  +         rRot     .     M - +2 hat {MR+}
rElec  +         Spirit   .     E - +2 cloak {rC+}
SustAb .         Warding  .     (gloves unavailable)
rMut   .         Stasis   .     (boots unavailable)
Gourm  +                        a - amulet of Pleng {rCorr +Blink +Rage rElec}
MR     +++..                    F - ring "Ykublug" {+Blink rF+ Str+4 SInv Regen}
                                c - ring of Goxolum {Contam rF++ rC+ Dam+3}

@: brilliant, agile, resistant, flying, very slightly contaminated, hasted,
repel missiles, very quick, extremely resistant to hostile enchantments, very
unstealthy
A: unfitting armour, claws 3, fast metabolism 3, gourmand, low mp 1,
regeneration 2, saprovore 2, shaggy fur 1, tough skin 2
a: Upheaval, Elemental Force, Disaster Area, Renounce Religion, Evoke Blink,
Evoke Berserk Rage, Evoke Invisibility
0: Orb of Zot
}: 3/15 runes: serpentine, barnacled, silver


You escaped.
You worshipped Qazlal.
Qazlal was exalted by your worship.
You were not hungry.

You visited 11 branches of the dungeon, and saw 59 of its levels.
You also visited: Sewer, Ossuary, Bailey, Ice Cave, Volcano and Wizlab.

You collected 8878 gold pieces.
You spent 1365 gold pieces at shops.

Inventory:

Missiles
 u - 94 large rocks (quivered)
Armour
 E - a +2 cloak of cold resistance (worn)
 M - a +2 hat of magic resistance (worn)
 N - a +8 fire dragon armour (worn)
 T - the +2 shield of the Carpenter (worn) {+Inv Dam+4 SInv}
   (You bought it in a shop on level 4 of the Orcish Mines)

   It affects your damage with ranged weapons and melee attacks (+4).
   It enhances your eyesight.
   It lets you turn invisible.
Magical devices
 n - a wand of invisibility (4)
 p - a wand of disintegration (4)
 s - a wand of teleportation (5)
 H - a wand of digging (13)
 P - a wand of hasting (7)
 S - a wand of cold (2)
 X - a wand of fire (5)
 Z - a wand of invisibility (4)
Comestibles
 q - 16 bread rations
 L - 4 fruits
 U - 16 meat rations
Scrolls
 g - 7 scrolls of identify
 k - 4 scrolls of summoning
 m - 26 scrolls of remove curse
 r - 6 scrolls of fear
 A - 15 scrolls of teleportation
 B - 7 scrolls of blinking
 D - a scroll of holy word
 O - 9 scrolls of vulnerability
Jewellery
 a - the amulet of Pleng (around neck) {rCorr +Blink +Rage rElec}
   (You took it off a minotaur on level 1 of the Depths)

   [amulet of resist corrosion]

   It protects you from acid and corrosion.
   It insulates you from electricity.
   It lets you blink.
   It lets you go berserk.
 b - an uncursed ring of sustain abilities
 c - the ring of Goxolum (left claw) {Contam rF++ rC+ Dam+3}
   (You took it off a tengu reaver on level 1 of the Depths)

   [ring of protection from cold]

   It affects your damage with ranged weapons and melee attacks (+3).
   It greatly protects you from fire.
   It protects you from cold.
   It causes magical contamination when unequipped.
 j - an uncursed amulet of stasis
 o - an uncursed amulet of warding
 v - the amulet "Xiugu" {+Rage rF- Acc+6 Dam+3}
   (You took it off a tengu reaver on level 5 of the Vaults)

   [amulet of rage]

   It affects your accuracy with ranged weapons and melee attacks (+6).
   It affects your damage with ranged weapons and melee attacks (+3).
   It makes you vulnerable to fire.
   It lets you go berserk.
 z - the ring of Entrepreneurial Spirit {+Fly rPois MR+ Dex+1}
   (You found it on level 2 of the Lair of Beasts)

   [ring of flight]

   It affects your dexterity (+1).
   It protects you from poison.
   It affects your resistance to hostile enchantments.
   It lets you fly.
 F - the ring "Ykublug" (right claw) {+Blink rF+ Str+4 SInv Regen}
   (You took it off a deep elf demonologist on level 3 of the Elven Halls)

   [ring of regeneration]

   It affects your strength (+4).
   It protects you from fire.
   It enhances your eyesight.
   It lets you blink.
   It increases your rate of regeneration.
 I - an uncursed ring of wizardry
Potions
 d - 2 potions of heal wounds
 f - 11 potions of curing
 l - 9 potions of brilliance
 t - 2 potions of haste
 w - 3 potions of flight
 C - 4 potions of resistance
 J - 6 potions of restore abilities
Miscellaneous
 h - a stone of tremors
 y - a disc of storms
 G - a stone of tremors
 V - a stone of tremors
 W - a lamp of fire (inert)
 Y - a lamp of fire
Rods
 i - a +6 rod of ignition (13/13)
   (You took it off an ogre mage on level 3 of the Depths)


   Skills:
 + Level 21.5 Fighting
 - Level 15.0 Throwing
 - Level 9.1 Armour
 - Level 21.1 Dodging
 - Level 1.1 Stealth
 - Level 9.0 Shields
 - Level 22.0 Unarmed Combat
 - Level 1.9 Charms
 - Level 2.0 Air Magic
 - Level 11.1 Invocations
 - Level 15.0 Evocations


You had 6 spell levels left.
You knew the following spells:

 Your Spells              Type           Power        Failure   Level  Hunger
a - Flight                Chrm/Air       ###.......   8%          3    ####...
b - Silence               Hex/Air        ##........   73%         5    ######.
c - Summon Butterflies    Summ           #.......     4%          1    ##.....
d - Control Teleport      Chrm/Tloc      ##........   47%         4    #####..
e - Confusing Touch       Hex            #.........   4%          1    ##.....
f - Apportation           Tloc           #.........   4%          1    ##.....
g - Animate Skeleton      Necr           N/A          4%          1    ##.....
h - Stoneskin             Trmt/Erth      #.........   7%          2    ###....
o - Blink                 Tloc           N/A          7%          2    ###....


Dungeon Overview and Level Annotations

Branches:
Dungeon (15/15)            Temple (1/1) D:5             Orc (4/4) D:10
    Elf (3/3) Orc:3          Lair (8/8) D:10         Shoals (5/5) Lair:5
  Snake (5/5) Lair:6        Slime (0/6) Lair:7       Vaults (5/5) D:14
  Blade (0/1) Vaults:4      Crypt (3/3) Vaults:2       Tomb (0/3) Crypt:3
    Zot (5/5) Depths:5     Depths (5/5) D:15

Altars:
Ashenzari
Cheibriados
Dithmenos
Elyvilon
Fedhas
Gozag
Kikubaaqudgha
Makhleb
Nemelex Xobeh
Okawaru
Qazlal
Sif Muna
Trog
Vehumet
Xom
Yredelemnul
Zin
The Shining One
Beogh
Lugonu

Shops:
D:6 (   D:13 *   Orc:4 (?[((   Elf:1 [   Snake:1 [   Vaults:3 !

Portals:
Hell: Depths:1 Depths:2 Depths:3 Depths:4 Depths:5
Abyss: Depths:1 Depths:4 Depths:5
Pandemonium: Depths:2 Depths:3 Depths:4 Depths:5
Ziggurat: Depths:2

Annotations:
D:3 Natasha
D:13 exclusion: orange crystal statue
Orc:4 Saint Roka
Snake:1 exclusion: Roxanne, Roxanne
Snake:3 exclusion: downstairs
Snake:4 Vashnia
Vaults:1 exclusion: orange crystal statue


Innate Abilities, Weirdness & Mutations

You are too large for most types of armour.
You have claws for hands.
Your metabolism is lightning-fast.
You like to eat raw meat.
You heal very quickly.
You can eat rotten meat.
You are covered in fur (AC +1).
You have very tough skin (AC +2).
Your magical capacity is low (-10% MP).


Message History

Zapping:
p - a wand of disintegration (5)
Press: ? - help, Shift-Dir - straight line You hear a grinding noise.
This wand has 4 charges left.
There is a staircase leading out of the dungeon here.
Drink which item? (? for menu, Esc to quit)
You feel protected.
Drink which item? (? for menu, Esc to quit)
You feel agile all of a sudden.
Drink which item? (? for menu, Esc to quit)
You feel very buoyant.
You fly up into the air.
Drink which item? (? for menu, Esc to quit)
You feel yourself speed up.
You are very lightly contaminated with residual magic.
Drink which item? (? for menu, Esc to quit)
You feel clever all of a sudden.
Drink which item? (? for menu, Esc to quit)
Okay, then.
You have escaped!

....##############.#.#########...
....# ###...# ####... ....#
###....## #...... .####
###...#.## #.####. .# #...###.#
#.# ## .# #####.### #.# #.# #
%#######.....# #.########.#
............######.##.......#
.######..######.@§#####.....#####
.# #(.## ##...§.###..###...... .#
###.## #.#8§8#.##.## #######
.###....### #.#≈≈≈#.#..#
.#...()...# #.#8≈8#.#.##
.#......>.###.#≈≈≈#.#.####
.#..........#.#8≈8#.#....########
.#........####.....#####.........
.....[..)...####.####............


There were no monsters in sight!

Vanquished Creatures
  6 ancient liches
  2 orbs of fire (Zot:5)
  Tiamat (Zot:1)
  4 curse toes
  Sojobo (Crypt:2)
  A pandemonium lord (Depths:2)
  The ghost of E1999 the Eclecticist, a mighty HOFE of Vehumet (Vaults:3)
  2 Killer Klowns (Zot:5)
  8 golden dragons
  Jory (Crypt:3)
  9 bone dragons
  The ghost of flinch the Wrestler, a great VSMo of Makhleb (Depths:5)
  Xtahua (Vaults:2)
  the Enchantress (Depths:5)
  6 electric golems
  A Hellbinder (WizLab)
  The ghost of Margery the Eclecticist, a mighty FoVM of Cheibriados (Depths:2)
  28 Orb Guardians
  Asterion (Snake:5)
  6 liches
  11 tentacled monstrosities
  The ghost of onwiheg the Blocker, a mighty FoFi of Okawaru (Elf:3)
  A deep elf master archer (Elf:3)
  5 titans
  A kraken (Shoals:5)
  The ghost of DasRunzen the Conjurer, a mighty DgCj (Elf:3)
  13 storm dragons
  Agnes (Crypt:2)
  3 shadow dragons
  4 tengu reavers
  4 ancient champions
  Kirke (D:14)
  4 sphinxes
  Ilsuiw (Shoals:5)
  6 draconian monks
  10 greater nagas
  11 fire giants
  A revenant (Crypt:3)
  Donald (Snake:3)
  11 frost giants
  14 vault wardens
  9 deep elf sorcerers
  7 draconian scorchers
  A cacodemon (WizLab)
  2 orc warlords
  An iron dragon (Vaults:5)
  Aizul (Snake:3)
  A balrug (WizLab)
  11 draconian knights
  6 draconian zealots
  3 emperor scorpions
  4 octopode crushers
  Gastronok (D:12)
  The ghost of Fizybubbleh the Severer, a powerful DrAr of Makhleb (WizLab)
  3 spriggan defenders (Depths:5)
  2 ghost moths
  A ghoul (Crypt:3)
  4 draconian shifters
  Jorgrun (Depths:2)
  2 war gargoyles (Vaults:5)
  2 draconian annihilators
  2 reapers (WizLab)
  19 stone giants
  9 deep elf demonologists
  8 green draconians
  A lorocyproca (Depths:3)
  12 grey draconians
  3 draconian callers
  11 pale draconians
  9 yellow draconians
  12 dire elephants
  8 mottled draconians
  A red draconian (shapeshifter) (Depths:5)
  A curse skull (Crypt:1)
  6 red draconians
  4 vampire knights
  5 black draconians
  11 deep elf annihilators
  8 purple draconians
  8 white draconians
  14 ettins
  An unborn (Crypt:3)
  An eidolon (Crypt:2)
  7 deep elf death magi
  Snorg (Lair:8)
  35 vault guards
  4 minotaurs
  7 merfolk javelineers (Shoals:5)
  A quicksilver dragon zombie (Crypt:2)
  13 merfolk impalers
  3 blizzard demons
  19 jiangshi
  4 sirens
  Josephine (Elf:1)
  5 deep elf high priests
  25 fire dragons
  15 ironheart preservers
  12 death cobs
  14 ice dragons
  21 yaktaur captains
  Fannar (D:10)
  6 great orbs of eyes
  16 naga warriors
  9 deep troll earth magi
  8 rakshasas
  A spectral tengu (Crypt:2)
  14 ogre magi
  9 spriggan air magi
  Erica (D:11)
  A spectral stone giant (Crypt:3)
  13 anacondas
  2 merfolk aquamancers
  7 hydras
  4 death knights
  7 deep troll shamans
  A spectral fire giant (Crypt:3)
  6 vampire magi
  24 death yaks
  A dancing weapon (Vaults:5)
  A tengu warrior (Depths:1)
  An orc high priest (Orc:4)
  A titan zombie (Vaults:5)
  6 very ugly things
  16 naga sharpshooters
  4 spriggan berserkers
  14 centaur warriors
  2 spectral elves
  A storm dragon zombie (Crypt:1)
  5 soul eaters
  5 catoblepae
  5 shock serpents
  A titan skeleton (Crypt:1)
  11 hell knights
  26 skeletal warriors
  15 deep elf knights
  A death drake (Zot:3)
  A fire crab (Vaults:1)
  20 deep trolls
  9 unseen horrors
  5 ice devils (IceCv)
  An infernal demonspawn (Depths:5)
  6 iron trolls
  17 sea snakes
  A ghost moth zombie (Crypt:2)
  2 shadow wraiths
  A spectral human (Vaults:4)
  10 large abominations
  2 salamander mystics
  18 hill giants
  15 ironbrand convokers
  9 necromancers
  An ice statue (IceCv)
  24 orc knights
  A death drake (shapeshifter) (Depths:5)
  20 deep elf summoners
  10 naga ritualists
  A sphinx zombie (Vaults:5)
  6 giant orange brains
  A torturous demonspawn (Depths:3)
  A wolf spider (shapeshifter) (Vaults:5)
  7 small abominations
  3 wizards
  A spectral wolf spider (Crypt:3)
  4 water nymphs
  15 mana vipers
  7 flayed ghosts
  2 hellions (WizLab)
  2 wolf spiders
  7 fauns (Shoals:3)
  13 harpies
  13 salamanders
  A fire giant zombie (Depths:2)
  A harpy (shapeshifter) (Depths:5)
  A stone giant zombie (Crypt:1)
  3 red wasps
  4 orc sorcerers (Orc:4)
  A wolf spider zombie (Crypt:1)
  A mana viper (shapeshifter) (Vaults:4)
  12 griffons
  13 deep elf conjurers
  A lindwurm (Lair:7)
  A red wasp (shapeshifter) (Vaults:4)
  A faun (shapeshifter) (Vaults:1)
  A spectral fire dragon (Crypt:3)
  A draconian zombie (Zot:4)
  9 cyclopes
  12 manticores
  13 phantasmal warriors
  A glowing shapeshifter (Depths:3)
  19 moths of wrath
  A shining eye (shapeshifter) (Vaults:4)
  3 sixfirhies
  A stone giant skeleton (Crypt:1)
  5 guardian serpents
  A salamander (shapeshifter) (Elf:3)
  12 elephants
  A queen ant (Lair:8)
  2 orange demons (WizLab)
  A black mamba (shapeshifter) (Depths:2)
  4 mermaids
  2 drowned souls (Shoals:1)
  14 vault sentinels
  A spiny frog (shapeshifter) (Vaults:5)
  19 naga magi
  9 spiny frogs
  A black draconian zombie (Zot:5)
  A gargoyle (D:14)
  29 black mambas
  A dire elephant skeleton (Crypt:2)
  A smoke demon (Orc:4)
  3 efreet
  7 kobold demonologists
  2 centaur zombies
  10 komodo dragons
  3 demonic crawlers
  A fire drake (shapeshifter) (Vaults:2)
  The ghost of Kraken the Martial Artist, an experienced OpMo (D:6)
  4 anaconda simulacra (IceCv)
  A feature mimic (D:14)
  An elf (shapeshifter) (Elf:2)
  2 golden dragon simulacra (IceCv)
  An item mimic (D:13)
  17 freezing wraiths
  7 fire drakes
  A harpy zombie (Crypt:1)
  5 centaur skeletons
  63 yaktaurs
  An iron devil (WizLab)
  A queen bee (shapeshifter) (Vaults:5)
  21 merfolk
  3 tengu conjurers
  10 deep elf priests
  4 red devils
  A catoblepas zombie (D:10)
  12 trolls
  3 jumping spiders
  Sonja (Elf:1)
  4 polar bears
  A hydra zombie (D:10)
  A wind drake (Shoals:3)
  2 silent spectres
  A frost giant simulacrum (Vaults:3)
  2 wandering mushrooms
  4 blue devils
  21 two-headed ogres
  A siren skeleton (Crypt:1)
  5 fire elementals
  3 giant fireflies
  14 blink frogs
  A wolf spider simulacrum (IceCv)
  16 ravens
  6 snapping turtles
  An ice dragon zombie (Crypt:1)
  5 basilisks
  3 fire dragon skeletons
  11 redbacks
  An ettin skeleton (Crypt:1)
  56 flying skulls
  10 shadows
  2 wyverns (D:13)
  2 tarantellas
  14 water elementals
  15 sharks
  A black mamba zombie (Crypt:1)
  6 air elementals
  25 deep elf magi
  9 wraiths
  25 yaks
  3 spriggans
  A steam dragon (D:6)
  3 ynoxinuls
  4 dire elephant simulacra
  2 hogs (D:14)
  A wyvern (shapeshifter) (Depths:1)
  12 vampires
  Eustachio (D:4)
  A trapdoor spider (shapeshifter) (Vaults:5)
  A golden eye (shapeshifter) (Depths:4)
  11 hippogriffs
  4 hungry ghosts
  A hog (shapeshifter) (Elf:3)
  27 deep elf fighters
  37 ugly things
  A hell beast (WizLab)
  A human (D:14)
  2 wargs (Vaults:4)
  13 vampire mosquitoes
  2 wolves (D:9)
  A chaos spawn (Depths:1)
  A hill giant skeleton (D:12)
  An iron troll simulacrum (IceCv)
  A death yak simulacrum (IceCv)
  3 fire bats (Volcano)
  An infernal demonspawn zombie (Crypt:2)
  5 soldier ants
  6 human zombies
  4 harpy simulacra (IceCv)
  5 hydra simulacra (IceCv)
  60 nagas
  A soldier ant (shapeshifter) (Vaults:3)
  A water moccasin (shapeshifter) (Elf:1)
  A mottled dragon (shapeshifter) (Elf:3)
  A spiny frog skeleton (Crypt:1)
  A tengu skeleton (D:14)
  10 ice beasts
  A swamp drake (D:10)
  An ice beast (shapeshifter) (Vaults:5)
  5 mottled dragons
  39 water moccasins
  The ghost of Bloax the Ruffian, an average TrFi (D:4)
  A catoblepas simulacrum (Crypt:1)
  5 sky beasts
  A baby alligator skeleton (Crypt:2)
  2 phantoms
  A black bear (D:6)
  9 porcupines
  A snapping turtle zombie (Crypt:2)
  62 orc warriors
  4 necrophages (Crypt:3)
  17 crocodiles
  2 earth elementals
  2 yellow wasps
  50 ogres
  10 boggarts
  2 elf zombies (Elf:1)
  38 centaurs
  A swamp dragon skeleton (Crypt:1)
  Duvessa (Orc:1)
  18 giant frogs
  3 brain worms
  2 yaktaur zombies
  A giant slug zombie (Crypt:2)
  14 giant slugs
  6 big kobolds
  A monstrous demonspawn simulacrum (Crypt:1)
  11 wights
  A cyclops skeleton (D:14)
  An eye of draining (D:15)
  A killer bee (shapeshifter) (Vaults:4)
  An elf simulacrum (Elf:1)
  A hippogriff skeleton (D:10)
  8 killer bees
  4 scorpions
  A troll skeleton (D:12)
  6 electric eels
  2 goliath beetles
  A goliath beetle (shapeshifter) (Vaults:5)
  Dowan (Orc:1)
  12 crimson imps
  4 draconian simulacra (IceCv)
  A giant frog zombie (D:9)
  3 quasits
  8 jellies
  3 elf skeletons (Elf:1)
  30 orc priests
  An iguana (shapeshifter) (Depths:2)
  A two-headed ogre skeleton (D:10)
  A two-headed ogre zombie (D:12)
  6 big fish
  A giant frog skeleton (D:4)
  9 hounds
  Natasha (D:3)
  8 iguanas
  39 orc wizards
  A demonspawn skeleton (Crypt:1)
  A spriggan simulacrum (IceCv)
  12 orange rats
  16 worker ants
  A naga skeleton (Crypt:1)
  An ogre zombie (Vaults:5)
  7 sheep
  3 troll simulacra (IceCv)
  A giant frog simulacrum (D:9)
  2 necrophage skeletons (Crypt:3)
  3 mummies (Ossuary)
  A centaur simulacrum (IceCv)
  A soldier ant simulacrum (D:9)
  A hound skeleton (D:9)
  A mottled dragon simulacrum (D:12)
  4 naga simulacra (IceCv)
  A big fish skeleton (Crypt:1)
  A chimera (Lair:8)
  5 gnolls
  30 adders
  70 green rats
  An inept feature mimic (D:7)
  3 ogre simulacra
  5 shadow imps
  5 giant mites
  9 white imps
  A worm (shapeshifter) (Depths:2)
  5 worms
  9 ufetubi
  2 adder zombies (Ossuary)
  9 giant geckos
  4 oozes
  242 orcs
  4 ball pythons
  A bat skeleton (Crypt:1)
  A gnoll zombie (Ossuary)
  16 goblins
  20 hobgoblins
  32 jackals
  11 quokkas
  25 bats
  5 giant cockroaches
  3 giant newts
  A giant spore (D:8)
  A goblin zombie (Orc:4)
  A hobgoblin skeleton (D:6)
  5 hobgoblin zombies
  A jackal skeleton (Crypt:2)
  40 kobolds
  6 kobold zombies
  14 orc zombies
  A quokka skeleton (Crypt:2)
  3 quokka zombies
  26 rats
  5 rat zombies (Ossuary)
  5 ballistomycetes
  A bush (Lair:5)
  6 crawling corpses
  76 fungi
  61 plants
  A tentacle (Shoals:5)
3281 creatures vanquished.

Vanquished Creatures (collateral kills)
  A titan (Vaults:4)
  Rupert (Elf:1)
  A rakshasa (Depths:2)
  A mottled draconian (Zot:1)
  A green draconian (Zot:1)
  2 purple draconians (Zot:1)
  An ice dragon (Zot:1)
  An ogre mage (D:14)
  An ironbrand convoker (Vaults:1)
  2 ice statues (Shoals:2)
  A deep troll (Depths:2)
  An orc knight (Vaults:3)
  A fire giant skeleton (Crypt:2)
  A vault sentinel (Vaults:5)
  2 yaktaurs (Vaults:1)
  A naga mage (Snake:2)
  A giant firefly (Depths:5)
  A raven (Depths:1)
  A spriggan (Depths:5)
  A wraith (Crypt:1)
  A tarantella (Elf:2)
  A deep elf fighter (Elf:2)
  A human (D:14)
  4 nagas
  An earth elemental (Depths:2)
  An ogre (Vaults:4)
  An orc priest (Vaults:1)
  2 orange rats (Elf:2)
  2 ogre simulacra (IceCv)
  A tentacle (Shoals:5)
38 creatures vanquished.

Vanquished Creatures (others)
  Margery (Depths:4)
  A tengu reaver (Crypt:2)
  A ghost moth (Zot:4)
  A vampire knight (Depths:4)
  A yellow draconian (Zot:1)
  A deep troll shaman (Depths:2)
  14 drowned souls
  A tengu conjurer (D:14)
  A blue devil (WizLab)
  16 fire elementals
  A merfolk (Shoals:5)
  3 humans (D:14)
  2 nagas
  A boggart (Depths:3)
  A swamp drake (Zot:3)
  2 ogres
  10 earth elementals
  A lost soul (Crypt:3)
  An orc priest (Vaults:3)
  A hound (D:12)
  A worm (Depths:3)
  A giant spore (D:9)
  A quokka (Lair:5)
  5 fungi
  9 plants
  6 tentacles (Shoals:5)
  6 tentacle segments (Shoals:5)
90 creatures vanquished.

Grand Total: 3409 creatures vanquished

Notes
Turn   | Place    | Note
--------------------------------------------------------------
     0 | D:1      | E1999, the Troll Monk, began the quest for the Orb.
     0 | D:1      | Reached XP level 1. HP: 22/22 MP: 1/1
   131 | D:1      | Reached XP level 2. HP: 26/29 MP: 1/1
   695 | D:2      | Reached skill level 5 in Unarmed Combat
   695 | D:2      | Reached XP level 3. HP: 32/36 MP: 2/2
  1145 | D:2      | Reached XP level 4. HP: 44/44 MP: 2/2
  1624 | D:3      | Noticed Natasha
  1633 | D:3      | Killed Natasha
  1633 | D:3      | Reached skill level 6 in Unarmed Combat
  1776 | D:3      | Reached XP level 5. HP: 47/50 MP: 2/2
  1829 | D:3      | Found a glowing drain.
  1833 | Sewer    | Entered a sewer
  1868 | Sewer    | Reached skill level 7 in Unarmed Combat
  1944 | Sewer    | Reached XP level 6. HP: 59/59 MP: 3/3
  2327 | D:4      | Noticed Bloax's ghost (average TrFi)
  2355 | D:4      | Noticed Eustachio
  2357 | D:4      | Killed Bloax's ghost
  2357 | D:4      | Reached skill level 8 in Unarmed Combat
  2390 | D:4      | Killed Eustachio
  2390 | D:4      | Reached XP level 7. HP: 38/66 MP: 3/3
  2490 | D:4      | Reached skill level 9 in Unarmed Combat
  3041 | D:5      | Entered Level 5 of the Dungeon
  3092 | D:5      | Found a sand-covered staircase.
  3106 | Ossuary  | Entered an ossuary
  3382 | D:5      | Reached skill level 10 in Unarmed Combat
  3428 | D:5      | Found a staircase to the Ecumenical Temple.
  3447 | Temple   | Entered the Ecumenical Temple
  3547 | Temple   | Became a worshipper of Qazlal Stormbringer
  3547 | Temple   | Acquired Qazlal's first power
  3547 | Temple   | Acquired Qazlal's second power
  3856 | D:6      | Found Idwi's Antique Weapon Boutique.
  3900 | D:5      | Reached XP level 8. HP: 58/74 MP: 3/3
  4205 | D:6      | Reached skill level 5 in Dodging
  4561 | D:6      | Noticed Kraken's ghost (experienced OpMo)
  4581 | D:6      | Killed Kraken's ghost
  4581 | D:6      | Reached XP level 9. HP: 74/80 MP: 4/4
  5372 | D:8      | Acquired Qazlal's third power
  5894 | D:9      | Reached XP level 10. HP: 75/88 MP: 4/4
  5984 | D:9      | Reached skill level 5 in Armour
  6077 | D:9      | Acquired Qazlal's fourth power
  6678 | D:10     | Entered Level 10 of the Dungeon
  6678 | D:10     | Noticed a centaur warrior
  6691 | D:10     | Killed a centaur warrior
  6848 | D:10     | Found a staircase to the Orcish Mines.
  6873 | D:10     | Noticed Fannar
  7026 | D:10     | Noticed a hill giant
  7035 | D:10     | Killed a hill giant
  7035 | D:10     | Reached XP level 11. HP: 94/94 MP: 4/4
  7130 | D:10     | Found a staircase to the Lair.
  7199 | Lair:1   | Entered Level 1 of the Lair of Beasts
  8512 | Lair:2   | Got a crude pewter ring
  8514 | Lair:2   | Identified the ring of Entrepreneurial Spirit {+Fly rPois MR+ Dex+1} (You found it on level 2 of the Lair of Beasts)
  8723 | Lair:3   | Acquired Qazlal's fifth power
  8782 | Lair:3   | Reached skill level 11 in Unarmed Combat
  8875 | Lair:3   | Reached skill level 5 in Fighting
  9390 | Lair:3   | Got a sparkling amber ring
  9425 | Lair:3   | Identified the ring "Paxab" {rC+ MR+ Int+1 Acc-6} (You found it on level 3 of the Lair of Beasts)
  9640 | Lair:3   | Reached skill level 12 in Unarmed Combat
  9672 | Lair:4   | Reached XP level 12. HP: 87/111 MP: 5/5
 10349 | Lair:4   | Reached skill level 13 in Unarmed Combat
 10697 | Lair:5   | Found a staircase to the Shoals.
 10807 | Lair:5   | Reached skill level 14 in Unarmed Combat
 12170 | Lair:6   | Reached skill level 10 in Dodging
 12285 | Lair:6   | Found a staircase to the Snake Pit.
 12689 | Lair:7   | Noticed a six-headed hydra
 12710 | Lair:7   | Killed a seven-headed hydra
 12710 | Lair:7   | Reached XP level 13. HP: 96/118 MP: 5/5
 13030 | Lair:7   | Gained mutation: You possess an exceptional clarity of mind. [potion of beneficial mutation]
 13103 | Lair:7   | Found a staircase to the Slime Pits.
 13519 | Lair:8   | Entered Level 8 of the Lair of Beasts
 13628 | Lair:8   | Reached skill level 1 in Evocations
 13639 | Lair:8   | Noticed Snorg
 13652 | Lair:8   | Killed Snorg
 13690 | Lair:8   | Found a dark tunnel.
 13699 | Volcano  | Entered a volcano
 13934 | Lair:7   | Reached skill level 5 in Evocations
 14820 | Lair:8   | Noticed a dire elephant
 14820 | Lair:8   | Noticed a dire elephant
 15266 | D:10     | Killed Fannar
 15266 | D:10     | Reached XP level 14. HP: 98/127 MP: 20/20
 15344 | Orc:1    | Entered Level 1 of the Orcish Mines
 15344 | Orc:1    | Found a roughly hewn altar of Beogh.
 15654 | Orc:1    | Noticed Dowan
 15656 | Orc:1    | Noticed Duvessa
 15664 | Orc:1    | Killed Duvessa
 15665 | Orc:1    | Killed Dowan
 15926 | Orc:2    | Found a roughly hewn altar of Beogh.
 16286 | Orc:4    | Entered Level 4 of the Orcish Mines
 16471 | Orc:4    | Found a roughly hewn altar of Beogh.
 16625 | Orc:3    | Reached skill level 1 in Invocations
 16864 | Orc:3    | Found a staircase to the Elven Halls.
 17309 | Orc:4    | Found a roughly hewn altar of Beogh.
 17547 | Orc:4    | Found a roughly hewn altar of Beogh.
 17555 | Orc:4    | Found Vofowk's Magic Scroll Boutique.
 17560 | Orc:4    | Bought a scroll of fear for 38 gold pieces
 17560 | Orc:4    | Bought a scroll of fear for 38 gold pieces
 17560 | Orc:4    | Bought a scroll of silence for 82 gold pieces
 17560 | Orc:4    | Bought a scroll of blinking for 82 gold pieces
 17560 | Orc:4    | Bought a scroll of teleportation for 33 gold pieces
 17560 | Orc:4    | Bought a scroll of enchant armour for 82 gold pieces
 17560 | Orc:4    | Bought a scroll of teleportation for 33 gold pieces
 17603 | Orc:4    | Found a roughly hewn altar of Beogh.
 17603 | Orc:4    | Found Nuyskuzu's Weapon Boutique.
 17711 | Orc:4    | Found a roughly hewn altar of Beogh.
 17833 | Orc:4    | wtf
 17866 | Orc:4    | Found a roughly hewn altar of Beogh.
 17910 | Orc:4    | Noticed Saint Roka
 17972 | Orc:4    | fuck offfff
 18098 | Orc:4    | Found Bryr's Antique Weapon Shop.
 18106 | Orc:4    | more weapon shops please
 18222 | Orc:4    | ....
 18340 | Orc:4    | Found Geduj's Antique Armour Shoppe.
 18340 | Orc:4    | Found a roughly hewn altar of Beogh.
 18342 | Orc:4    | Found Oxziheol's Antique Weapon Emporium.
 18345 | Orc:4    | Reached skill level 5 in Invocations
 18354 | Orc:4    | Bought a faintly glowing shield for 228 gold pieces
 18416 | Orc:3    | Identified the +2 shield of the Carpenter {+Inv Dam+4 SInv} (You bought it in a shop on level 4 of the Orcish Mines)
 18591 | D:10     | Learned a level 2 spell: Blink
 18657 | D:11     | Reached skill level 1 in Shields
 18725 | D:11     | Found a stormy altar of Qazlal.
 19149 | D:11     | Noticed Erica
 19155 | D:11     | Killed Erica
 19601 | D:12     | Found a flagged portal.
 19610 | Bailey   | Entered a bailey
 19838 | Bailey   | kill me
 19903 | D:12     | Reached skill level 5 in Shields
 19932 | D:12     | Noticed Gastronok
 19941 | D:12     | Killed Gastronok
 20685 | D:13     | Found Oniav's General Store.
 20693 | D:13     | Bought a potion of mutation for 37 gold pieces
 20693 | D:13     | Bought a potion of curing for 30 gold pieces
 20986 | D:13     | Reached XP level 15. HP: 121/137 MP: 21/21
 21067 | D:13     | Found a bloodstained altar of Trog.
 21378 | D:14     | Noticed Kirke
 21388 | D:14     | Killed Kirke
 21917 | D:14     | Found a gate to the Vaults.
 22229 | D:15     | Entered Level 15 of the Dungeon
 22489 | Lair:1   | Noticed a seven-headed hydra
 22522 | Lair:1   | Killed a nine-headed hydra
 22689 | Snake:1  | Entered Level 1 of the Snake Pit
 23244 | Snake:1  | Noticed Roxanne
 23278 | Snake:1  | Found Komung's Antique Armour Emporium.
 23729 | Snake:2  | Reached skill level 10 in Fighting
 24128 | Snake:3  | Noticed Donald
 24138 | Snake:3  | Killed Donald
 24138 | Snake:3  | Reached XP level 16. HP: 102/161 MP: 9/22
 24366 | Snake:3  | Noticed Aizul
 24393 | Snake:3  | Killed Aizul
 25278 | Snake:4  | Noticed Vashnia
 25805 | Shoals:1 | Entered Level 1 of the Shoals
 26012 | Shoals:1 | Learned a level 3 spell: Flight
 26018 | Shoals:1 | Learned a level 5 spell: Silence
 26284 | Shoals:2 | Reached skill level 1 in Charms
 26362 | Shoals:1 | Reached skill level 1 in Air Magic
 26479 | Shoals:2 | Found a frozen archway.
 26536 | IceCv    | Entered an ice cave
 27290 | IceCv    | Reached XP level 17. HP: 143/178 MP: 22/22
 28149 | Shoals:4 | Reached skill level 15 in Unarmed Combat
 28336 | Shoals:5 | Entered Level 5 of the Shoals
 28568 | Shoals:5 | Noticed Ilsuiw
 28580 | Shoals:5 | Killed Ilsuiw
 28994 | Shoals:5 | Identified Twyclynn's Handbook of Conjuration
 29104 | Shoals:5 | Reached skill level 16 in Unarmed Combat
 29320 | Shoals:5 | Got a barnacled rune of Zot
 30224 | Snake:4  | Reached skill level 1 in Throwing
 30243 | Snake:5  | Entered Level 5 of the Snake Pit
 30390 | Snake:5  | Noticed Asterion
 30398 | Snake:5  | Reached XP level 18. HP: 185/191 MP: 23/23
 30459 | Snake:5  | Killed Asterion
 30463 | Snake:5  | Reached skill level 5 in Throwing
 30469 | Snake:5  | Got a polished shield
 30471 | Snake:5  | Identified the +3 shield "Juibuk" {rElec Dex+2 Dam+5} (You took it off Asterion on level 5 of the Snake Pit)
 31325 | Snake:5  | Reached skill level 10 in Throwing
 31369 | Snake:5  | Got a serpentine rune of Zot
 31956 | Vaults:1 | Entered Level 1 of the Vaults
 32816 | Vaults:1 | Reached skill level 17 in Unarmed Combat
 33527 | Vaults:2 | Noticed a Hell Sentinel
 33740 | Vaults:2 | Reached XP level 19. HP: 195/198 MP: 24/24
 34155 | Vaults:2 | Reached skill level 18 in Unarmed Combat
 34567 | Vaults:2 | Found a staircase to the Crypt.
 34567 | Vaults:2 | Found an ancient bone altar of Kikubaaqudgha.
 34568 | Vaults:2 | Found a basalt altar of Yredelemnul.
 34837 | Vaults:2 | Noticed Xtahua
 34848 | Vaults:2 | Killed Xtahua
 35077 | Vaults:3 | Noticed E1999's ghost (mighty HOFE)
 35102 | Vaults:3 | Killed E1999's ghost
 35168 | Vaults:3 | Reached skill level 10 in Evocations
 35333 | Vaults:3 | Found Hairch's Distillery.
 35340 | Vaults:3 | Bought a potion of beneficial mutation for 525 gold pieces
 35342 | Vaults:3 | Gained mutation: Your system is resistant to poisons. [potion of beneficial mutation]
 35344 | Vaults:3 | Bought a potion of curing for 30 gold pieces
 35344 | Vaults:3 | Bought a potion of curing for 30 gold pieces
 35344 | Vaults:3 | Bought a potion of curing for 30 gold pieces
 35344 | Vaults:3 | Bought a potion of agility for 37 gold pieces
 35344 | Vaults:3 | Bought a potion of curing for 30 gold pieces
 35691 | Vaults:3 | Reached skill level 15 in Fighting
 36480 | Vaults:4 | Reached XP level 20. HP: 168/213 MP: 28/28
 37801 | Vaults:4 | Found a staircase to the Hall of Blades.
 38345 | D:15     | Found a staircase to the Depths.
 38853 | Depths:1 | Entered Level 1 of the Depths
 39074 | Depths:1 | Found a magical portal.
 39107 | WizLab   | Entered The Hall of Clucous the Hellbinder
 39444 | WizLab   | Noticed Fizybubbleh's ghost (powerful DrAr)
 39470 | WizLab   | Killed Fizybubbleh's ghost
 39475 | WizLab   | Found a burning altar of Makhleb.
 39504 | WizLab   | Identified the Volume of the Enthralling Entourage (You found it in a wizard's laboratory)
 39507 | WizLab   | Learned a level 1 spell: Summon Butterflies
 39518 | WizLab   | Learned a level 4 spell: Control Teleport
 39546 | WizLab   | Got a steaming bone ring
 39548 | WizLab   | Identified the ring "Clioseh" {Fire Str+4 Dex+3} (You found it in a wizard's laboratory)
 39559 | WizLab   | Identified a +3 rod of shadows (9/9) (You found it in a wizard's laboratory)
 39570 | WizLab   | Identified Puapaxyp's Guide on the Escort
 39734 | Depths:1 | Found a gateway to Hell.
 40032 | Depths:1 | Reached XP level 21. HP: 150/223 MP: 29/29
 40170 | Depths:1 | Noticed a golden dragon
 40188 | Depths:1 | Killed a golden dragon
 40392 | Depths:1 | Got a steaming wooden ring
 40408 | Depths:1 | Identified the ring of Goxolum {Contam rF++ rC+ Dam+3} (You took it off a tengu reaver on level 1 of the Depths)
 40427 | Depths:1 | Reached skill level 15 in Dodging
 40504 | Depths:1 | Got a steaming bronze amulet
 40829 | Depths:1 | Identified the amulet of Pleng {rCorr +Blink +Rage rElec} (You took it off a minotaur on level 1 of the Depths)
 40939 | Depths:1 | Found a one-way gate to the infinite horrors of the Abyss.
 41242 | Depths:2 | Found a gateway to a ziggurat.
 41332 | Depths:2 | Noticed Jorgrun
 41345 | Depths:2 | Killed Jorgrun
 41410 | Depths:2 | Found a snail-covered altar of Cheibriados.
 41510 | Depths:2 | Noticed Margery's ghost (mighty FoVM)
 41532 | Depths:2 | Killed Margery's ghost
 41848 | Depths:2 | Found a one-way gate leading to the halls of Pandemonium.
 42135 | Depths:2 | Identified a scroll of acquirement
 42589 | Depths:3 | Upgraded the game from 0.15-a0-1119-g9b3a599 to 0.15-a0-1154-gddcb950
 42877 | Depths:3 | Identified a +6 rod of ignition (13/13) (You took it off an ogre mage on level 3 of the Depths)
 42957 | Depths:3 | Reached XP level 22. HP: 217/234 MP: 29/29
 43306 | Depths:3 | Learned a level 1 spell: Confusing Touch
 43308 | Depths:3 | Learned a level 1 spell: Apportation
 43310 | Depths:3 | Learned a level 1 spell: Animate Skeleton
 43403 | Depths:3 | Learned a level 2 spell: Stoneskin
 43885 | Depths:4 | Noticed Margery
 44289 | Depths:4 | Killed Margery
 45044 | Depths:5 | Entered Level 5 of the Depths
 45067 | Depths:5 | Reached skill level 19 in Dodging
 45152 | Depths:5 | Noticed flinch's ghost (great VSMo)
 45217 | Depths:5 | Killed flinch's ghost
 45719 | Depths:5 | Noticed the Enchantress
 45750 | Depths:5 | Killed the Enchantress
 45780 | Depths:5 | Got a faerie dragon armour
 45782 | Depths:5 | Identified the +1 faerie dragon armour {rPois rC+ Int+3 SInv Clar} (You took it off the Enchantress on level 5 of the Depths)
 45959 | Depths:5 | Reached XP level 23. HP: 194/241 MP: 30/30
 45984 | Depths:5 | Found a gate to the Realm of Zot.
 46027 | Depths:5 | Reached skill level 20 in Dodging
 46211 | Depths:5 | Found a corrupted altar of Lugonu.
 47034 | Lair:8   | Noticed a dire elephant
 47043 | Lair:8   | Killed a dire elephant
 47062 | Lair:8   | Noticed a dire elephant
 47071 | Lair:8   | Killed a dire elephant
 47084 | Lair:8   | Noticed a dire elephant
 47091 | Lair:8   | Killed a dire elephant
 47115 | Lair:8   | Killed a dire elephant
 47122 | Lair:8   | Killed a dire elephant
 47869 | Crypt:1  | Entered Level 1 of the Crypt
 49001 | Crypt:2  | Noticed Agnes
 49027 | Crypt:2  | Killed Agnes
 49241 | Crypt:2  | Reached skill level 21 in Dodging
 49260 | Crypt:2  | Noticed Sojobo
 49483 | Crypt:2  | Killed Sojobo
 49691 | Crypt:3  | Entered Level 3 of the Crypt
 50024 | Crypt:3  | Found an ancient bone altar of Kikubaaqudgha.
 50429 | Crypt:3  | Noticed Jory
 50545 | Crypt:3  | Killed Jory
 50637 | Crypt:3  | Reached XP level 24. HP: 250/250 MP: 31/31
 50708 | Crypt:3  | Identified Sif Muna's Guide on Bewitchment
 50748 | Crypt:3  | Found a staircase to the Tomb.
 51285 | Elf:1    | Entered Level 1 of the Elven Halls
 51395 | Elf:1    | Noticed Sonja
 51403 | Elf:1    | Killed Sonja
 51434 | Elf:1    | Noticed Rupert
 51440 | Elf:1    | Killed Rupert
 51628 | Elf:1    | Found Stapt's Armour Shop.
 51629 | Elf:1    | Noticed Josephine
 51636 | Elf:1    | Killed Josephine
 51908 | Elf:2    | Found a bloodstained altar of Trog.
 52004 | Elf:2    | Found a burning altar of Makhleb.
 52532 | Elf:2    | Found a burning altar of Makhleb.
 52747 | Elf:3    | Entered Level 3 of the Elven Halls
 52747 | Elf:3    | Noticed DasRunzen's ghost (mighty DgCj)
 52777 | Elf:3    | Killed DasRunzen's ghost
 53002 | Elf:3    | Noticed onwiheg's ghost (mighty FoFi)
 53022 | Elf:3    | Killed onwiheg's ghost
 53753 | Elf:3    | they are learning...
 53768 | Elf:3    | Got a wavering ivory ring
 53769 | Elf:3    | Identified the ring "Ykublug" {+Blink rF+ Str+4 SInv Regen} (You took it off a deep elf demonologist on level 3 of the Elven Halls)
 53864 | Elf:3    | Identified the Handbook of Bewitchment (You found it on level 3 of the Elven Halls)
 53987 | Elf:3    | .....
 53987 | Elf:3    | guess noo haste or hw this game either
 54937 | Vaults:5 | Entered Level 5 of the Vaults
 55078 | Vaults:4 | Reached skill level 22 in Unarmed Combat
 55170 | Vaults:5 | Noticed an ancient lich
 55333 | Vaults:5 | Killed an ancient lich
 55364 | Vaults:5 | Reached XP level 25. HP: 126/261 MP: 31/31
 55516 | Vaults:5 | Identified Ywofat's Papyrus of Calling
 55740 | Vaults:5 | Got a twitching brass amulet
 55741 | Vaults:5 | Identified the amulet "Xiugu" {+Rage rF- Acc+6 Dam+3} (You took it off a tengu reaver on level 5 of the Vaults)
 56479 | Vaults:5 | Got a silver rune of Zot
 57374 | Zot:1    | Entered Level 1 of the Realm of Zot
 57526 | Zot:1    | Noticed Tiamat
 57880 | Zot:1    | Killed Tiamat
 58388 | Zot:2    | Reached XP level 26. HP: 282/282 MP: 31/31
 59165 | Zot:2    | Found a shimmering altar of Xom.
 59523 | Zot:2    | Identified the Incunabulum of the Zealot
 59751 | Zot:3    | Reached skill level 10 in Invocations
 61107 | Zot:4    | Reached XP level 27. HP: 247/289 MP: 32/34
 61616 | Zot:5    | Entered Level 5 of the Realm of Zot
 62557 | Zot:5    | Noticed an orb of fire
 62557 | Zot:5    | Gained mutation: You are weak. (Str -2) [an orb of fire]
 62582 | Zot:5    | Killed an orb of fire
 62582 | Zot:5    | Reached skill level 15 in Evocations
 62602 | Zot:5    | Noticed an ancient lich
 62622 | Zot:5    | Noticed an ancient lich
 62630 | Zot:5    | Killed an ancient lich
 62642 | Zot:5    | Killed an ancient lich
 62701 | Zot:5    | Noticed an orb of fire
 62701 | Zot:5    | Gained mutation: Your magical capacity is low (-10% MP). [an orb of fire]
 62705 | Zot:5    | Gained mutation: Your vision is a little blurry. [an orb of fire]
 62705 | Zot:5    | Gained mutation: Your vision is quite blurry. [an orb of fire]
 62714 | Zot:5    | Gained mutation: Your magical capacity is very low (-20% MP). [an orb of fire]
 62726 | Zot:5    | Killed an orb of fire
 62757 | Zot:5    | Gained mutation: Potions and wands are less effective at restoring your health. [mutagenic glow]
 62953 | Zot:5    | Lost mutation: You possess an exceptional clarity of mind. [potion of cure mutation]
 62953 | Zot:5    | Lost mutation: Your vision is quite blurry. [potion of cure mutation]
 62953 | Zot:5    | Lost mutation: Your magical capacity is very low (-20% MP). [potion of cure mutation]
 62953 | Zot:5    | Lost mutation: Your vision is a little blurry. [potion of cure mutation]
 63034 | Zot:5    | Noticed an ancient lich
 63060 | Zot:5    | Killed an ancient lich
 63144 | Zot:5    | Noticed an ancient lich
 63197 | Zot:5    | Killed an ancient lich
 63240 | Zot:5    | Noticed an ancient lich
 63251 | Zot:5    | Lost mutation: Your system is resistant to poisons. [potion of cure mutation]
 63251 | Zot:5    | Lost mutation: You are weak. (Str -2) [potion of cure mutation]
 63251 | Zot:5    | Lost mutation: Potions and wands are less effective at restoring your health. [potion of cure mutation]
 63360 | Zot:5    | Killed an ancient lich
 63423 | Zot:5    | Reached skill level 15 in Throwing
 63438 | Zot:5    | Got the Orb of Zot
 63632 | Depths:3 | Noticed Kloemnyx the pandemonium lord
 63654 | Depths:2 | Killed Kloemnyx the pandemonium lord
 63916 | D:3      | Noticed Natasha
 63974 | D:$      | Escaped with the Orb!

Action                   |  1- 3 |  4- 6 |  7- 9 | 10-12 | 13-15 | 16-18 | 19-21 | 22-24 | 25-27 || total
-------------------------+-------+-------+-------+-------+-------+-------+-------+-------+-------++-------
Melee: Unarmed           |   105 |   183 |   410 |   906 |  1749 |  1726 |  1774 |  2140 |  1689 || 10682
 Fire: Sling             |       |       |       |       |       |     5 |       |       |       ||     5
Throw: Tomahawk          |    11 |     1 |     9 |     4 |     8 |       |       |       |       ||    33
       Large rock        |       |       |     4 |     4 |     2 |     3 |   126 |    75 |    79 ||   293
       Throwing net      |       |       |       |     2 |       |       |       |       |       ||     2
Invok: Upheaval          |       |       |       |       |     5 |       |       |       |       ||     5
Evoke: Wand              |     1 |     1 |     2 |     9 |    14 |    28 |     5 |    13 |    20 ||    93
       Box of beasts     |       |       |       |       |     1 |       |       |       |       ||     1
       Stone of tremors  |       |       |       |       |     4 |     5 |    10 |     5 |     2 ||    26
       Lamp of fire      |       |       |       |       |     2 |     5 |     5 |    10 |     5 ||    27
       Deck              |       |       |       |       |       |       |     2 |     2 |       ||     4
       Rod               |       |       |       |       |       |       |       |     3 |       ||     3
       Disc of storms    |       |       |       |       |       |       |       |     6 |     1 ||     7
  Use: Scroll            |       |       |     2 |    28 |    28 |    10 |    13 |    17 |    26 ||   124
       Potion            |       |       |       |     2 |     3 |     3 |    12 |     7 |    55 ||    82
 Stab: Distracted        |     1 |       |       |       |       |     1 |       |     1 |     1 ||     4
       Sleeping          |       |     2 |       |       |       |       |       |       |       ||     2
       Held in net/web   |       |       |       |     2 |       |       |       |       |       ||     2
       Invisible         |       |       |       |       |       |     4 |       |       |       ||     4
